 Dungeon Crawl Stone Soup version 0.17.1-3-g152610e (webtiles) character file.

16612 inmateoo the Severer (level 12, -2/113 HPs)
             Began as a Minotaur Necromancer on Feb 24, 2016.
             Was the Champion of Cheibriados.
             Slain by Frances
             ... wielding a +0 short sword
              (21 damage)
             ... on level 13 of the Dungeon.
             The game lasted 00:18:30 (13058 turns).

inmateoo the Severer (Minotaur Necromancer)        Turns: 13058, Time: 00:18:30

Health: -2/113     AC: 13    Str: 29    XL:     12   Next: 11%
Magic:  14/14      EV: 18    Int: 27    God:    Cheibriados [******]
Gold:   532        SH:  0    Dex: 33    Spells: 1 memorised, 10 levels left

rFire  . . .     SeeInvis .     A - +1 war axe (chop)
rCold  . . .     Clarity  +     j - +4 scale mail of Decompression {rPois Str-4 Stlth+}
rNeg   + . .     SustAt   .     (no shield)
rPois  +         Gourm    .     (helmet unavailable)
rElec  .         Spirit   .     x - +1 cloak of a volcano {+Fly rN+ rCorr}
rCorr  +         Warding  .     (no gloves)
rMut   .         Stasis   .     (no boots)
MR     .....                    z - amulet of regeneration
Stlth  +++.......               N - +2 ring of dexterity
                                e - +3 ring of dexterity

@: about to teleport, very slightly contaminated, very slow, not resistant to
hostile enchantments, fairly stealthy
A: retaliatory headbutt, horns 3, rugged brown scales 1, agile 1, clarity,
deformed body, MP-powered wands
a: Bend Time, Temporal Distortion, Slouch, Step From Time, Renounce Religion,
Evoke Flight


You were on level 13 of the Dungeon.
You worshipped Cheibriados.
Cheibriados was exalted by your worship.
You were hungry.

You visited 2 branches of the dungeon, and saw 15 of its levels.
You also visited: Sewer.

You collected 640 gold pieces.
You spent 108 gold pieces at shops.

Inventory:

Hand Weapons
 A - a +1 war axe of chopping (weapon)
 R - a +0 dire flail
Armour
 j - the +4 scale mail of Decompression (worn) {rPois Str-4 Stlth+}
   (You found it on level 4 of the Dungeon)

   It affects your strength (-4).
   It protects you from poison.
   It makes you more stealthy.
 p - the +3 hat of Pondering {ponderous, MR+ MP+10 Int+5}
   (You took it off Gastronok on level 8 of the Dungeon)

   It affects your intelligence (+5).
   It affects your resistance to hostile enchantments.
   It affects your magic capacity (+10).
 x - the +1 cloak of a volcano (worn) {+Fly rN+ rCorr}
   (You acquired it on level 6 of the Dungeon)

   It protects you from negative energy.
   It lets you fly.
   It protects you from acid and corrosion.
 U - the +2 scale mail "Jioff" {Regen+ Str+2 Stlth-}
   (You found it on level 11 of the Dungeon)

   It affects your strength (+2).
   It increases your rate of regeneration.
   It makes you less stealthy.
Jewellery
 e - a +3 ring of dexterity (left hand)
 n - an uncursed amulet of stasis {unknown}
 q - an uncursed amulet of resist mutation
 z - an amulet of regeneration (around neck)
 C - an uncursed ring of teleportation
 N - a +2 ring of dexterity (right hand)
 Q - an uncursed amulet of clarity {unknown}
Wands
 O - a wand of paralysis (10)
 P - a wand of lightning (5)
 T - a wand of fire (10)
Scrolls
 d - 8 scrolls of teleportation
 g - a scroll of enchant armour
 o - 3 scrolls of enchant weapon
 r - 2 scrolls of magic mapping
 s - 2 scrolls of fear
 B - a scroll of fog
 F - 4 scrolls of remove curse
Potions
 a - a potion of ambrosia
 i - a potion of agility
 k - a potion of cancellation
 l - 3 potions of curing
 t - 4 potions of flight
 v - a potion of invisibility
 w - 2 potions of magic
 E - 2 potions of brilliance
 G - 4 potions of cure mutation {unknown}
 H - 2 potions of degeneration {unknown}
 I - a potion of haste {unknown}
 J - 2 potions of berserk rage
Books
 b - a book of Necromancy

   Spells                             Type                      Level
   a - Pain                           Necromancy                   1
   b - Animate Skeleton               Necromancy                   1
   c - Vampiric Draining              Necromancy                   3
   d - Regeneration                   Charms/Necromancy            3
   e - Animate Dead                   Necromancy                   4
   f - Control Undead                 Necromancy                   4
 y - a book of Alchemy

   Spells                             Type                      Level
   a - Sublimation of Blood           Necromancy                   2
   b - Ignite Poison                  Fire/Transmutation/Poison    3
   c - Alistair's Intoxication        Transmutation/Poison         4
   d - Condensation Shield            Ice                          4
   e - Petrify                        Transmutation/Earth          4
   f - Irradiate                      Conjuration/Transmutation    5
 L - a book of Enchantments

   Spells                             Type                      Level
   a - Cause Fear                     Hexes                        4
   b - Silence                        Hexes/Air                    5
   c - Deflect Missiles               Charms/Air                   6
   d - Haste                          Charms                       6
   e - Discord                        Hexes                        8
 S - a book of Fire

   Spells                             Type                      Level
   a - Ignite Poison                  Fire/Transmutation/Poison    3
   b - Fireball                       Conjuration/Fire             5
   c - Bolt of Fire                   Conjuration/Fire             6
   d - Delayed Fireball               Conjuration/Fire             7
   e - Ring of Flames                 Charms/Fire                  7
Comestibles
 c - 11 bread rations
 f - 2 fruits
 h - 9 slices of pizza
 m - 9 beef jerkies
 D - 4 meat rations


   Skills:
 + Level 11.0 Fighting
 * Level 15.3 Axes
 + Level 10.4 Armour
 + Level 6.3 Dodging
 - Level 1.5 Stealth
 - Level 1.3 Spellcasting
 - Level 2.9 Necromancy
 + Level 4.2 Invocations


You had 10 spell levels left.
You knew the following spells:

 Your Spells              Type           Power        Failure   Level  Hunger
b - Regeneration          Chrm/Necr      #.........   34%         3    ###....


Dungeon Overview and Level Annotations

Branches:
Dungeon (14/15)            Temple (1/1) D:6            Lair (0/8) D:11
    Orc (0/4) D:11
 Vaults: D:13-14

Altars:
Cheibriados
Fedhas
Kikubaaqudgha
Makhleb
Nemelex Xobeh
Qazlal
Ru
Sif Muna
Vehumet
Xom
Yredelemnul
Zin

Shops:
D:4 (   D:8 [

Portals:
Trove: D:11 (give horn of Geryon)

Annotations:
D:3 gabygaby's ghost, amateur HOFE
D:10 exclusion: 2 doors
D:13 Frances


Innate Abilities, Weirdness & Mutations

You reflexively headbutt those who attack you in melee.
You have a pair of large horns on your head.
You are partially covered in rugged brown scales (AC +1, +3% HP).
You are agile. (Dex +2)
You possess an exceptional clarity of mind.
Armour fits poorly on your strangely shaped body.
You expend magic power (3 MP) to strengthen your wands.


Message History

* * * LOW HITPOINT WARNING * * *
The sixfirhy barely misses you. x2
You furiously retaliate!
You headbutt the sixfirhy! Frances misses you.
Unknown command.
Unknown command.
Read which item? (? for menu, Esc to quit)
As you read the scroll of teleportation, it crumbles to dust.
You feel strangely unstable.
The sixfirhy hits you but does no damage.
The sixfirhy barely misses you. You furiously retaliate!
You headbutt the sixfirhy!! Frances hits you with a short sword.
* * * LOW HITPOINT WARNING * * *
Unknown command.
Unknown command.
Unknown command.
Drink which item? (? for menu, Esc to quit)
You feel much better. Frances hits you with a short sword!
* * * LOW HITPOINT WARNING * * *
Frances hits you with a short sword!!
You die...

.......
....>..
.........#
.........
.........
.........
#......4##
.$.....@@#
......§..#
...<..§§§#
.....§§§§#
.........#
......§..#
##.....#..
########..
...


You could see Frances and a sixfirhy.

Vanquished Creatures
  Gastronok (D:8)
  Snorg (D:14)
  The ghost of MrTails the Grappler, a novice TrBe of Trog (D:10)
  The ghost of F1L1N the Ducker, a novice TrBe of Trog (D:6)
  A cyclops (D:9)
  Pikel (D:6)
  2 hill giants
  2 ugly things
  Joseph (D:10)
  A yaktaur (D:12)
  2 centaur skeletons (D:10)
  3 trolls (D:11)
  3 slime creatures (D:12)
  Sigmund (D:5)
  A human (D:9)
  A hog (D:9)
  11 yaks
  2 deep elf magi
  A hippogriff (D:8)
  A steam dragon (D:6)
  5 orc warriors
  Duvessa (D:5)
  4 ice beasts
  A sky beast (D:7)
  2 black bears
  6 ogres
  4 phantoms
  4 centaurs
  A necrophage (D:9)
  5 big kobolds
  Blork the orc (D:5)
  3 scorpions
  Dowan (D:5)
  7 giant frogs
  12 killer bees
  9 crimson imps
  5 hounds
  3 orc priests
  2 giant frog skeletons
  2 jellies
  7 orc wizards
  2 iguanas
  9 worker ants
  A statue (D:5)
  5 sheep (D:9)
  A killer bee zombie (D:11)
  2 hound zombies
  A hound skeleton (D:4)
  3 worker ant zombies
  Robin (D:2)
  18 adders
  3 gnolls (D:8)
  3 river rats
  2 shadow imps
  An ooze (D:4)
  An adder skeleton (D:8)
  5 worms
  41 orcs
  4 ball pythons
  4 bats
  22 goblins
  9 hobgoblins
  15 jackals
  31 kobolds
  4 quokkas
  12 giant cockroaches
  4 giant geckos
  5 giant newts
  10 rats
  5 fungi (D:11)
  A plant (D:11)
348 creatures vanquished.

Vanquished Creatures (collateral kills)
  An orc (D:10)
1 creature vanquished.

Vanquished Creatures (others)
  An adder skeleton (D:6)
  3 orcs (D:6)
  A goblin (D:1)
  2 fungi (D:11)
7 creatures vanquished.

Grand Total: 356 creatures vanquished

Notes
Turn   | Place    | Note
--------------------------------------------------------------
     0 | D:1      | inmateoo the Minotaur Necromancer began the quest for the Orb.
     0 | D:1      | Reached XP level 1. HP: 14/14 MP: 1/1
   107 | D:1      | Reached skill level 1 in Fighting
   670 | D:1      | Reached XP level 2. HP: 15/23 MP: 3/3
  1092 | D:1      | Reached skill level 3 in Dodging
  1484 | D:1      | Reached XP level 3. HP: 20/29 MP: 4/4
  1984 | D:2      | Found a sacrificial altar of Ru.
  2161 | D:2      | Noticed Robin
  2184 | D:2      | Killed Robin
  2286 | D:2      | Reached XP level 4. HP: 20/38 MP: 5/5
  2828 | D:3      | Noticed gabygaby's ghost (amateur HOFE)
  3067 | D:3      | Found a sparkling altar of Nemelex Xobeh.
  3121 | D:3      | Reached skill level 4 in Dodging
  3271 | D:3      | Reached skill level 1 in Axes
  3572 | D:3      | Reached XP level 5. HP: 32/45 MP: 6/6
  3880 | D:3      | Found a stormy altar of Qazlal.
  3941 | D:3      | Found a deep blue altar of Sif Muna.
  4331 | D:3      | Found a blossoming altar of Fedhas.
  4408 | D:3      | Found an ancient bone altar of Kikubaaqudgha.
  4558 | D:4      | Found a glowing drain.
  4821 | Sewer    | Entered a sewer
  5076 | Sewer    | Reached XP level 6. HP: 47/51 MP: 7/7
  5460 | Sewer    | Reached skill level 5 in Axes
  5602 | Sewer    | Reached skill level 6 in Axes
  6103 | D:4      | Found Deiceam's Antique Weapon Emporium.
  6111 | D:4      | Bought a runed war axe for 108 gold pieces
  6144 | D:4      | Got a bloodstained scale mail
  6155 | D:4      | Identified the +4 scale mail of Decompression {rPois Str-4 Stlth+} (You found it on level 4 of the Dungeon)
  6174 | D:4      | Found a glowing silver altar of Zin.
  6285 | D:4      | Reached skill level 1 in Armour
  6499 | D:5      | Entered Level 5 of the Dungeon
  6529 | D:5      | Reached XP level 7. HP: 44/58 MP: 8/8
  6850 | D:5      | Found a glowing silver altar of Zin.
  6874 | D:5      | Noticed Sigmund
  6885 | D:5      | Killed Sigmund
  6885 | D:5      | Reached skill level 7 in Axes
  7107 | D:5      | Found a radiant altar of Vehumet.
  7140 | D:5      | Reached skill level 5 in Fighting
  7140 | D:5      | Reached skill level 8 in Axes
  7274 | D:5      | Reached XP level 8. HP: 68/68 MP: 9/9
  7451 | D:5      | Noticed Duvessa
  7451 | D:5      | Noticed Dowan
  7452 | D:5      | Noticed Blork the orc
  7458 | D:5      | Killed Blork the orc
  7463 | D:5      | Killed Dowan
  7466 | D:5      | Killed Duvessa
  7694 | D:6      | Noticed F1L1N's ghost (novice TrBe)
  7761 | D:6      | Found a staircase to the Ecumenical Temple.
  7771 | Temple   | Entered the Ecumenical Temple
  7797 | Temple   | Became a worshipper of Cheibriados the Contemplative
  7852 | D:6      | Reached skill level 9 in Axes
  7993 | D:6      | Noticed Pikel
  8005 | D:6      | Killed Pikel
  8005 | D:6      | Reached skill level 10 in Axes
  8005 | D:6      | Reached skill level 5 in Armour
  8015 | D:6      | Reached XP level 9. HP: 40/78 MP: 10/10
  8153 | D:6      | Killed F1L1N's ghost
  8402 | D:6      | Identified a scroll of acquirement
  8405 | D:6      | Got a steaming cloak
  8412 | D:6      | Identified the +1 cloak of a volcano {+Fly rN+ rCorr} (You acquired it on level 6 of the Dungeon)
  8719 | D:6      | Reached skill level 11 in Axes
  8792 | D:7      | Reached * piety under Cheibriados
  9163 | D:7      | Reached skill level 12 in Axes
  9252 | D:7      | Reached ** piety under Cheibriados
  9257 | D:7      | Reached XP level 10. HP: 71/88 MP: 11/11
  9462 | D:7      | Gained mutation: You are agile. (Dex +2) [mutagenic meat]
  9463 | D:7      | Gained mutation: Your flesh is heat resistant. [mutagenic meat]
  9465 | D:7      | Gained mutation: Armour fits poorly on your strangely shaped body. [mutagenic meat]
  9590 | D:8      | Learned a level 3 spell: Regeneration
  9635 | D:8      | Found Ekhlymp's Armour Shop.
  9718 | D:8      | Noticed Gastronok
  9732 | D:8      | Killed Gastronok
  9732 | D:8      | Reached skill level 13 in Axes
  9883 | D:8      | Reached *** piety under Cheibriados
  9957 | D:8      | Found a burning altar of Makhleb.
  9957 | D:8      | Found a shimmering altar of Xom.
 10143 | D:8      | Found a basalt altar of Yredelemnul.
 10337 | D:9      | Noticed a cyclops
 10349 | D:9      | Killed a cyclops
 10842 | D:9      | Reached **** piety under Cheibriados
 10996 | D:9      | Reached XP level 11. HP: 97/99 MP: 12/12
 10998 | D:9      | Reached skill level 1 in Invocations
 11124 | D:9      | Reached skill level 14 in Axes
 11184 | D:10     | Entered Level 10 of the Dungeon
 11198 | D:10     | Noticed MrTails's ghost (novice TrBe)
 11209 | D:10     | Killed MrTails's ghost
 11209 | D:10     | Reached skill level 10 in Fighting
 11334 | D:10     | Reached ***** piety under Cheibriados
 11563 | D:10     | Noticed Joseph
 11578 | D:10     | Killed Joseph
 11728 | D:10     | Gained mutation: You expend magic power (3 MP) to strengthen your wands. [mutagenic meat]
 11730 | D:10     | Gained mutation: You are partially covered in rugged brown scales (AC +1, +3% HP). [mutagenic meat]
 11986 | D:11     | Reached skill level 5 in Dodging
 12008 | D:11     | Found a staircase to the Lair.
 12154 | D:11     | Found a portal to a secret trove of treasure.
 12371 | D:11     | Found a staircase to the Orcish Mines.
 12520 | D:11     | Reached ****** piety under Cheibriados
 12572 | D:11     | Got a polished scale mail
 12583 | D:11     | Identified the +2 scale mail "Jioff" {Regen+ Str+2 Stlth-} (You found it on level 11 of the Dungeon)
 12659 | D:12     | Reached skill level 10 in Armour
 12755 | D:12     | Reached skill level 15 in Axes
 12763 | D:12     | Gained mutation: You have a pair of large horns on your head. [mutagenic meat]
 12764 | D:12     | Lost mutation: Your flesh is heat resistant. [mutagenic meat]
 12765 | D:12     | Gained mutation: You possess an exceptional clarity of mind. [mutagenic meat]
 12833 | D:12     | Noticed a hill giant
 12839 | D:12     | Killed a hill giant
 12868 | D:12     | You fall through a shaft for 2 floors!
 12872 | D:14     | Noticed a hill giant
 12878 | D:14     | Killed a hill giant
 12878 | D:14     | Reached XP level 12. HP: 45/111 MP: 14/14
 13014 | D:14     | Noticed Snorg
 13029 | D:14     | Killed Snorg
 13035 | D:14     | Noticed a five-headed hydra
 13044 | D:13     | Noticed Frances
 13058 | D:13     | Slain by Frances

Action                   |  1- 3 |  4- 6 |  7- 9 | 10-12 || total
-------------------------+-------+-------+-------+-------++-------
Melee: Unarmed           |   209 |    66 |       |       ||   275
       Hand axe          |       |   173 |       |       ||   173
       War axe           |       |    17 |   197 |   364 ||   578
 Cast: Pain              |       |     1 |       |       ||     1
  Use: Scroll            |       |     7 |     9 |    12 ||    28
       Potion            |       |     4 |     4 |     6 ||    14
 Stab: Sleeping          |     2 |     2 |     2 |     4 ||    10
  Eat: Chunk             |     4 |    14 |     9 |    19 ||    46
       Beef jerky        |       |       |       |     1 ||     1
